AoeStats
← _vishi_

Lombardia

509390477Analyzed
4v4 RM · 6d ago on Sep 26, 2026· 13m 45s· 8 players
Game mode
Random Map
Map size
Large (8 player)
Population
200
Speed
Normal
Resources
Standard
Victory
Conquest
Starting age
Dark Age
Ending age
Imperial Age
RankedLock teamsTeams togetherTeam positionsShared explorationLock speedFull tech treeHidden civsTurbo modeCheats
Victory
Defeat
🇩🇪 Hindustanis · Germany
1474
+13
🇩🇪 Mongols · Germany
1445
+14
🇵🇪 Poles · Peru
1372
+17
1362
+17
🇹🇼 Japanese · Taiwan
1424
-16
🇹🇼 Saracens · Taiwan
1409
-16
🇩🇴 Khmer · Dominican Republic
1392
-15
🇮🇳 Wei · India
1376
-14
RD | Telematico
8:52 Loom
11:17 Feudal Age
11:58 Double-Bit Axe
_vishi_
7:55 Loom
11:11 Feudal Age
lightslee
9:03 Loom
10:51 Feudal Age
14:54 Castle Age
Dean
9:38 Loom
12:56 Feudal Age
Erg_Raider
6:06 Loom
8:48 Feudal Age
9:25 Double-Bit Axe
9:35 Horse Collar
Juanchoche
9:08 Feudal Age
10:18 Double-Bit Axe
10:35 Loom
10:54 Horse Collar
DarkOrsted
6:03 Loom
8:58 Feudal Age
9:35 Double-Bit Axe
Demon Backpack // Varela
6:35 Loom
9:35 Feudal Age
10:16 Double-Bit Axe
10:13 Horse Collar
12:46 Forging
Connection lost

Rejoining the realm…

Still unreachable

The connection could not be restored.

Session expired

The server has moved on; the page needs a fresh start.